 Dungeon Crawl Stone Soup version 0.28-a0-80-g9707f7362f (webtiles) character file.

Game seed: 1716984280192239649

77 dracfodder the Chopper (level 4, 0/29 HPs)
             Began as a Gargoyle Berserker on Aug 5, 2021.
             Was a Believer of Trog.
             Slain by Natasha (1 damage)
             ... on level 2 of the Dungeon.
             The game lasted 00:05:31 (1631 turns).

dracfodder the Chopper (Gargoyle Berserker)         Turns: 1631, Time: 00:05:32

Health: 0/29       AC: 10    Str: 21    XL:     4   Next: 34%
Magic:  4/4        EV:  7    Int:  8    God:    Trog [**....]
Gold:   46         SH:  7    Dex:  9    Spells: 3/3 levels left

rFire   . . .      SeeInvis .   a - +1 hand axe
rCold   . . .      Faith    .   i - +0 kite shield
rNeg    + . .      Spirit   .   b - +0 scale mail
rPois   ∞          Reflect  .   (no helmet)
rElec   +          Harm     .   (no cloak)
rCorr   .          Rampage  .   (no gloves)
Will    .....                   (no boots)
Stlth   ..........              (no amulet)
HPRegen 0.09/turn               (no ring)
MPRegen 0.09/turn               (no ring)

@: no status effects
A: sickness immunity, AC +3, negative energy resistance 1, electricity
resistance, torment resistance 1, petrification resistance
a: Renounce Religion, Berserk, Trog's Hand


You were on level 2 of the Dungeon.
You worshipped Trog.
Trog was pleased with you.
You visited 1 branch of the dungeon, and saw 3 of its levels.

You collected 46 gold pieces.

Inventory:

Hand Weapons
 a - a +1 hand axe (weapon)
 f - a +0 hunting sling
Missiles
 c - 31 stones
 d - 14 poisoned darts (quivered)
 g - 21 arrows
Armour
 b - a +0 scale mail (worn)
 i - a +0 kite shield (worn)
Wands
 h - a wand of paralysis (8)
Scrolls
 k - a scroll of identify
Potions
 e - 2 potions of magic {unknown}
 j - a potion of heal wounds


   Skills:
 + Level 3.7 Fighting
 * Level 3.9 Axes
 + Level 2.3 Armour
 + Level 1.9 Dodging
 + Level 0.4 Shields


You had 3 spell levels left.
You didn't know any spells.
Your spell library was empty.

Dungeon Overview and Level Annotations

Branches:
Dungeon (3/15)

Altars:

Annotations:
D:2 Natasha


Innate Abilities, Weirdness & Mutations

You are immune to sickness and miasma.
Your stone body is resilient. (AC +3)
You are immune to poison.
You resist negative energy. (rN+)
You are resistant to electric shocks. (rElec)
You are resistant to unholy torment.
You are immune to petrification.


Message History

Natasha hisses angrily.
You barely miss Natasha. Natasha claws you but does no damage.
You block Natasha's attack.
You closely miss Natasha. Natasha casts a spell at you.
You resist with some effort.
You hit Natasha.
Natasha is lightly wounded.
You block Natasha's attack.
You barely miss Natasha.
Natasha is lightly wounded.
Natasha claws you! x2
You are too injured to fight recklessly!
You are too injured to fight recklessly!
You hit Natasha.
Natasha is moderately wounded.
Natasha claws you.
You closely miss Natasha.
Natasha is moderately wounded.
You block Natasha's attack. Natasha claws you!
* * * LOW HITPOINT WARNING * * *
You hit Natasha.
Natasha is heavily wounded.
Natasha claws you.
* * * LOW HITPOINT WARNING * * *
You hit Natasha.
Natasha is severely wounded.
Natasha claws you but does no damage.
You hit Natasha.
Natasha is almost dead.
Natasha claws you but does no damage. x2
Your shield and scale mail prevent you from hitting Natasha.
Natasha is almost dead.
Natasha claws you.
* * * LOW HITPOINT WARNING * * *
You hit Natasha.
Natasha is almost dead.
Natasha casts a spell at you. You resist with some effort. Natasha claws you.
You die...

#.....# #..... #.....### #.....
#.......# #..... #.....#.####
#####...##
#.....#....#############.....###
#>....####.#.............##..#
####..## #...........######.##
##..# ###................# ##.#
#....@.########..# #.# ####.h.##
#####..### #### #.#
##...###!.......###
#..###.########.....##.....##...>
................##...#.....#####.
#.####.##......###.#.#.....# ###
#......##......# #.#.#.....####..
#####.....########...............
#..##.### ##...#.##.#####.#.


You could see Natasha.

Vanquished Creatures
  3 gnolls (D:2)
  A worm (D:2)
  3 endoplasms
  3 giant cockroaches
  4 goblins
  3 hobgoblins
  4 jackals (D:2)
  6 kobolds
  A quokka (D:2)
  2 ball pythons
  7 bats
  4 frilled lizards
  3 rats
44 creatures vanquished.

Vanquished Creatures (others)
  4 plants (D:3)
4 creatures vanquished.

Grand Total: 48 creatures vanquished

Notes
Turn   | Place    | Note
-------+----------+-------------------------------------------
     0 | D:1      | dracfodder the Gargoyle Berserker began the quest for the
                  | Orb.
     0 | D:1      | Reached XP level 1. HP: 14/14 MP: 1/1
   119 | D:2      | Noticed Natasha
   141 | D:1      | Reached XP level 2. HP: 19/19 MP: 2/2
   778 | D:2      | Reached XP level 3. HP: 11/23 MP: 3/3
  1124 | D:2      | Reached ** piety under Trog
  1202 | D:2      | Reached XP level 4. HP: 21/29 MP: 4/4
  1627 | D:2      | HP: 1/29 [Natasha (3)]
  1631 | D:2      | Slain by Natasha

Illustrated notes

Levels and vault maps discovered:
D:1:      saegor_arrival_simple_a, layout_loops_cross
D:2:      minmay_diamond_boxcup, layout_rooms, minmay_ruptured, uniq_natasha
D:3:      layout_basic, mainiacjoe_overflow_chevrons, elyvilon_altar_5,
          mainiacjoe_overflow_catch_the_wave, grunt_decor_resistance,
          kennysheep_boxes

Skill      XL: |  1 |
---------------+----+-----
Axes           | 3 |  3.9
Fighting       | |  3.7
Armour         | |  2.3
Dodging        | |  1.9
Shields        | |  0.4

Action                   |  1- 3 |  4- 6 || total
-------------------------+-------+-------++-------
Melee: Hand axe          |   101 |    51 ||   152
Throw: Dart              |     6 |       ||     6
Invok: Berserk           |     1 |       ||     1
Evoke: Wand              |       |     1 ||     1
  Use: Scroll            |     2 |     2 ||     4
 Stab: Paralysed         |       |     2 ||     2
Armor: Animal skin       |     9 |       ||     9
       Scale mail        |    45 |    34 ||    79
Dodge: Dodged            |    43 |    18 ||    61
Block: Kite shield       |    24 |    23 ||    47

Table legend: (Time is in decaauts)
 A = Elapsed time spent in this place.
 B = Non-inter-level travel time spent in this place.
 C = Inter-level travel time spent in this place.
 D = Time resting spent in this place.
 E = Time spent auto-exploring this place.
 F = Levels seen in this place.
 G = Mean time per level.
                   A        B        C        D        E       F      G
               +--------+--------+--------+--------+--------+-----+--------+
         Total |   1687 |   1664 |     23 |    291 |    944 |   3 |  562.3 |
       Dungeon |   1687 |   1664 |     23 |    291 |    944 |   3 |  562.3 |
               +--------+--------+--------+--------+--------+-----+--------+

Top non-repeatable levels by time:
     D:1: 770 daAuts
     D:2: 764 daAuts
     D:3: 153 daAuts
